Map: Dreamcatcher LE

Players

ShoWTimE - Winner!

  • Race: Protoss Protoss
  • Spawn Location: 11:00

Neeb

  • Race: Protoss Protoss
  • Spawn Location: 5:00

Event: WCS Valencia 2018

VOD

Have the link to the VOD?

Description

Time

  • Played on: July 14, 2018, 7:44 a.m.
  • Length: 7:44

All games in this series

Show
View Real Time Build Order
Export as new Build Order

ShoWTimE Protoss - Winner!

Build Orders: Zealot Archon, Dark Templar Rush 

Get SALT Encoding   

  12  0:00  Probe  
  13  0:12  Probe  
  14  0:17  Pylon  
  14  0:24  Probe  
  15  0:32  Probe  
  15  0:38  Gateway  
  15  0:40  Probe  
  16  0:46  Assimilator  
  17  0:51  Probe  
  17  0:55  Assimilator  
  18  0:59  Probe  
  19  1:07  Probe  
  20  1:13  Gateway  
  20  1:17  Probe  
  20  1:25  Cybernetics Core  
  21  1:29  Probe  
  22  1:35  Pylon  
  22  1:41  Probe  
  23  1:53  Probe  
  24  2:01  Warp Gate, Adept x2  
  28  2:09  Pylon  
  28  2:28  Adept x2  
  28  2:29  Twilight Council  
  32  2:55  Adept x2  
  36  3:07  Dark Shrine  
  36  3:17  Nexus  
  36  3:31  Probe  
  37  3:37  Shield Battery  
  37  3:41  Robotics Facility  
  37  3:46  Pylon  
  37  3:49  Probe  
  38  4:01  Probe  
  35  4:12  Probe  
  34  4:19  Dark Templar  
  34  4:20  Probe  
  34  4:23  Resonating Glaives  
  37  4:25  Warp Prism  
  37  4:28  Probe  
  41  4:34  Probe  
  41  4:41  Probe  
  42  4:46  Probe  
  42  4:47  Pylon  
  42  4:51  Sentry  
  42  4:52  Sentry  
  47  4:53  Immortal, Probe  
  47  4:58  Probe  
  49  5:05  Probe  
  54  5:08  Pylon  
  54  5:11  Probe  
  55  5:15  Dark Templar  
  57  5:22  Immortal  
  57  5:23  Pylon  
  57  5:26  Probe  
  62  5:41  Stalker  
  64  5:43  Shield Battery  
  64  5:53  Probe  
  63  6:00  Probe  
  62  6:05  Observer  
  62  6:11  Gateway x2  
  62  6:15  Gateway  
  62  6:17  Gateway  
  63  6:19  Gateway  
  62  6:26  Zealot x2  
  65  6:36  Gateway  
  65  6:39  Gateway, Probe  
  66  6:44  Pylon  
  66  6:46  Probe  
  67  6:47  Adept x2  
  71  6:54  Pylon x2  
  71  7:07  Adept x3, Dark Templar  
  79  7:10  Pylon  
  79  7:12  Adept, Archon  
  81  7:17  Adept  
  83  7:40  Adept x5  
Show
View Real Time Build Order
Export as new Build Order

Neeb Protoss 

Build Orders: Blink Stalkers 

Get SALT Encoding   

  12  0:00  Probe  
  13  0:12  Probe  
  14  0:17  Pylon  
  14  0:22  Probe  
  15  0:31  Probe  
  16  0:36  Gateway  
  16  0:40  Probe  
  16  0:45  Assimilator  
  17  0:52  Probe  
  17  0:54  Assimilator  
  18  1:03  Probe  
  18  1:04  Gateway  
  18  1:11  Probe  
  20  1:21  Probe  
  20  1:24  Cybernetics Core  
  21  1:31  Pylon  
  21  1:34  Probe  
  22  1:46  Probe  
  23  1:52  Warp Gate  
  23  1:58  Probe  
  23  2:00  Sentry, Stalker  
  28  2:10  Probe, Pylon  
  29  2:26  Stalker  
  30  2:30  Stalker  
  32  2:43  Twilight Council  
  32  3:01  Blink  
  32  3:03  Nexus  
  32  3:09  Stalker  
  36  3:21  Probe  
  35  3:27  Pylon  
  35  3:40  Shield Battery  
  35  3:43  Probe  
  36  3:54  Robotics Facility  
  36  3:58  Shield Battery  
  36  4:00  Sentry  
  38  4:08  Stalker  
  37  4:10  Probe  
  37  4:15  Probe  
  39  4:25  Probe  
  39  4:27  Sentry  
  39  4:29  Probe  
  43  4:34  Observer  
  43  4:38  Probe  
  44  4:41  Probe  
  46  4:50  Forge, Probe  
  47  4:53  Probe  
  47  4:56  Observer  
  49  5:01  Stalker  
  49  5:02  Probe  
  49  5:05  Probe  
  53  5:08  Stalker  
  55  5:14  Probe  
  55  5:17  Probe, Pylon  
  55  5:19  Assimilator  
  57  5:21  Assimilator  
  57  5:25  Adept  
  57  5:26  Probe  
  60  5:33  Adept  
  60  5:34  Pylon  
  60  5:35  Pylon  
  62  5:39  Probe  
  62  5:40  Probe  
  58  5:51  Probe  
  58  5:52  Probe  
  56  6:03  Immortal, Probe  
  56  6:04  Probe  
  61  6:12  Probe  
  61  6:15  Probe  
  63  6:22  Probe  
  62  6:27  Probe  
  62  6:32  Immortal  
  61  6:33  Gateway  
  61  6:37  Gateway, Probe  
  62  6:45  Probe  
  62  6:46  Probe  
  67  6:53  Probe  
  68  6:58  Probe  
  70  7:01  Sentry  
  70  7:02  Gateway  
  70  7:05  Gateway  
  76  7:18  Sentry  
  76  7:22  Shield Battery  
  78  7:24  Probe  
  78  7:25  Shield Battery  
  66  7:37  Zealot  
Tags
 
Add a new tag
Caveats
  • Supply blocks, unpowered buildings, or Contaminate may cause inaccurate times.
  • Supply counts are checked every 10 seconds.